 Dungeon Crawl Stone Soup version 0.31-a0-145-g046c7d2549 (webtiles) character file.

Game seed: 10458253305458599829

203 Edyrem the Sneak (level 6, -1/37 HPs)
             Began as a Kobold Brigand on June 6, 2023.
             Slain by a centaur zombie (2 damage)
             ... in an ossuary.
             The game lasted 00:07:10 (2354 turns).

Edyrem the Sneak (Kobold Brigand)                   Turns: 2354, Time: 00:07:10

Health: -1/37      AC:  3    Str:  6    XL:     6   Next: 8%
Magic:  6/6        EV: 15    Int: 20    God:
Gold:   184        SH:  0    Dex: 19    Spells: 5/5 levels left

rFire   . . .        s - +6 hand axe of Discomfort {flame, rPois rN++ Str-2 Int+8}
rCold   . . .        (no shield)
rNeg    + + .        m - +0 robe
rPois   +            (no helmet)
rElec   .            o - +0 cloak
rCorr   +            (no gloves)
SInv    .            (no boots)
Will    .....        (no amulet)
Stlth   +++++        i - ring of resist corrosion
HPRegen 0.26/turn    (no ring)
MPRegen 0.10/turn

%: no passive effects
@: marked
A: small, no large weapons, nightstalker 3
a: no special abilities


You were in an ossuary.
You visited 1 branch of the dungeon, and saw 4 of its levels.
You also visited: Ossuary.

You collected 184 gold pieces.

Inventory:

Hand Weapons
 a - a +2 dagger of venom
 b - the +4 hand axe of Biunouze {vamp, rC+}
   (You found it on level 3 of the Dungeon)

   rC:        It protects you from cold.
 c - a +0 rapier
 s - the +6 hand axe of Discomfort (weapon) {flame, rPois rN++ Str-2 Int+8}
   (You found it on level 4 of the Dungeon)

   Str:       It affects your strength (-2).
   Int:       It affects your intelligence (+8).
   rPois:     It protects you from poison.
   rN:        It greatly protects you from negative energy.
Missiles
 d - 15 poisoned darts (quivered)
 e - 3 curare-tipped darts
 j - 3 boomerangs
Armour
 m - a +0 robe (worn)
 o - a +0 cloak (worn)
Jewellery
 i - a ring of resist corrosion (left hand)
Wands
 n - a wand of flame (16)
Scrolls
 f - 6 scrolls of identify {unknown}
 k - a scroll of teleportation {unknown}
 q - a scroll of enchant armour {unknown}
Potions
 g - a potion of attraction {unknown}
 h - a potion of magic {unknown}
 l - 2 potions of heal wounds {unknown}
 p - a potion of enlightenment {unknown}
 r - a potion of lignification {unknown}


   Skills:
 + Level 3.1 Fighting
 * Level 5.0 Short Blades
 - Level 2.1 Throwing
 + Level 2.7 Dodging
 * Level 7.1 Stealth


You had 5 spell levels left.
You didn't know any spells.
Your spell library was empty.

Dungeon Overview and Level Annotations

Branches:
Dungeon (4/15)            Ossuary (1/1)
 Temple: D:4-7

Altars:


Innate Abilities, Weirdness & Mutations

You are small and have problems with some larger weapons.
You are completely attuned to the shadows.


Message History

The centaur zombie kicks you but does no damage.
Your Short Blades skill increases to level 5!
You slash the goblin zombie! You burn the goblin zombie.
You destroy the goblin zombie!
You hit the mummy. You burn the mummy. You hit the mummy. You burn the mummy.
You hit the centaur zombie. You burn the centaur zombie.
You hit the centaur zombie. You burn the centaur zombie.
The centaur zombie hits you but does no damage.
The centaur zombie barely misses you. The centaur zombie misses you.
The centaur zombie kicks you. The centaur zombie misses you.
The centaur zombie closely misses you.
You closely miss the kobold zombie. You hit the mummy but do no damage.
You slash the centaur zombie! You burn the centaur zombie.
You hit the centaur zombie but do no damage.
You hit the mummy. You burn the mummy. The centaur zombie misses you.
The centaur zombie kicks you.
The centaur zombie closely misses you. x2
An orc zombie comes into view.
The mummy hits you. The centaur zombie barely misses you.
The centaur zombie kicks you but does no damage.
The mummy hits you!
* * * LOW HITPOINT WARNING * * *
The kobold zombie barely misses you.
The centaur zombie hits you but does no damage.
The centaur zombie completely misses you.
You hit the kobold zombie. You burn the kobold zombie.
The kobold zombie is almost destroyed.
You hit the centaur zombie. You burn the centaur zombie.
You destroy the centaur zombie!
You hit the centaur zombie but do no damage.
You barely miss the mummy. You slash the mummy! You burn the mummy.
You destroy the mummy!
The centaur zombie hits you.
* * * LOW HITPOINT WARNING * * *
The centaur zombie barely misses you.
A hobgoblin zombie comes into view.
The centaur zombie barely misses you. The centaur zombie kicks you.
* * * LOW HITPOINT WARNING * * *
The kobold zombie hits you but does no damage.
The centaur zombie misses you. The centaur zombie kicks you.
You die...

#....................#
#....................#
#........8..8........#
#....................#
#...######..######...#
#...# #..# #...# #...#
#..# #...# #...#
###Z.#### #...# #...#
...ZZ@Z... #...# #...#
...ZMZ#### #...# #...#
....ZZ# #...# #...#
....ZZ# #...# #...#
..Z∩.# #...# #...#
#...# #...# #...#
#...# #...#
#...##############...#


You could see a mummy, a goblin zombie, 2 hobgoblin zombies, 2 kobold zombies, 2
orc zombies, an elf zombie, 2 centaur zombies and a human zombie.

Vanquished Creatures
  A centaur zombie (Ossuary)
  A hound (D:4)
  A sleepcap (D:4)
  Jessica (D:3)
  A mummy (Ossuary)
  6 adders
  An adder zombie (Ossuary)
  5 ball pythons
  4 bats
  3 endoplasms
  A giant cockroach (D:2)
  8 goblins
  2 hobgoblins (D:1)
  4 jackals (D:2)
  A quokka (D:1)
  2 frilled lizards (D:1)
  A goblin zombie (Ossuary)
  5 hobgoblin zombies (Ossuary)
  2 jackal zombies (Ossuary)
  4 kobolds
  6 kobold zombies (Ossuary)
  10 orc zombies (Ossuary)
  6 rats
76 creatures vanquished.

Notes
Turn   | Place    | Note
-------+----------+-------------------------------------------
     0 | D:1      | Edyrem the Kobold Brigand began the quest for the Orb.
     0 | D:1      | Reached XP level 1. HP: 12/12 MP: 1/1
   107 | D:1      | Reached XP level 2. HP: 17/17 MP: 2/2
   353 | D:1      | Reached XP level 3. HP: 17/22 MP: 3/3
   756 | D:2      | Reached skill level 6 in Stealth
   864 | D:2      | Reached XP level 4. HP: 27/27 MP: 4/4
  1461 | D:3      | Identified the +4 hand axe of Biunouze {vamp, rC+}
  1653 | D:3      | Noticed Jessica
  1656 | D:3      | Killed Jessica
  1657 | D:3      | Reached XP level 5. HP: 32/32 MP: 5/5
  2127 | D:4      | Identified the +6 hand axe of Discomfort {flame, rPois rN++
                  | Str-2 Int+8}
  2145 | D:4      | Reached skill level 7 in Stealth
  2186 | D:4      | Found a sand-covered staircase.
  2192 | Ossuary  | Entered an ossuary
  2238 | Ossuary  | Reached XP level 6. HP: 37/37 MP: 6/6
  2352 | Ossuary  | Reached skill level 5 in Short Blades
  2354 | Ossuary  | HP: 1/37 [centaur zombie (1)]
  2354 | Ossuary  | Slain by a centaur zombie

Illustrated notes

Levels and vault maps discovered:
D:1:      heliophobic_arrival_ceremonial_halls, layout_basic
D:2:      layout_rooms, minmay_door_square, st_stairs_3, amethyst_killhole,
          grunt_decor_junction, grunt_ministairs_10
D:3:      layout_loops_ring, uniq_jessica
D:4:      layout_rooms, gup_sewer_entry_bowl, enter_ossuary_4
Ossuary:  ossuary_tomb_1

Skill      XL: |  1  2  3  4  5  6 |
---------------+-------------------+-----
Short Blades   | 3 4 5 |  5.0
Stealth        | 6 7 |  7.1
Dodging        | 2 |  2.7
Fighting       | 3 |  3.1
Throwing       | |  2.1

Action                     |  1- 3 |  4- 6 || total
---------------------------+-------+-------++-------
  Melee: Dagger            |    45 |   119 ||   164
         Punch             |       |     4 ||     4
         Hand axe          |       |    10 ||    10
   Stab: Sleeping          |    19 |    13 ||    32
 Armour: Robe              |     9 |    26 ||    35
  Dodge: Dodged            |    15 |   105 ||   120

Table legend: (Time is in decaauts)
 A = Elapsed time spent in this place.
 B = Non-inter-level travel time spent in this place.
 C = Inter-level travel time spent in this place.
 D = Time resting spent in this place.
 E = Time spent auto-exploring this place.
 F = Levels seen in this place.
 G = Mean time per level.
                   A        B        C        D        E       F      G
               +--------+--------+--------+--------+--------+-----+--------+
         Total |   2319 |   2268 |     51 |     86 |   1215 |   5 |  463.8 |
       Dungeon |   2169 |   2118 |     51 |     86 |   1181 |   4 |  542.2 |
       Ossuary |    149 |    149 |      0 |      0 |     34 |   1 |  149.0 |
               +--------+--------+--------+--------+--------+-----+--------+

Top non-repeatable levels by time:
     D:3: 702 daAuts
     D:2: 702 daAuts
     D:1: 565 daAuts
     D:4: 199 daAuts
 Ossuary: 149 daAuts
